 Dungeon Crawl Stone Soup version 0.23.2-1-ga50397a (webtiles) character file.

Game seed: 5991571706562278495

82 cab the Digger (level 4, 0/24 HPs)
             Began as a Gargoyle Earth Elementalist on May 28, 2019.
             Slain by a gnoll
             ... wielding a +0 flail
              (7 damage)
             ... on level 3 of the Dungeon.
             The game lasted 00:14:25 (3091 turns).

cab the Digger (Gargoyle Earth Elementalist)        Turns: 3091, Time: 00:14:27

Health: 0/24       AC:  6    Str: 15    XL:     4   Next: 43%
Magic:  3/7        EV: 12    Int: 16    God:
Gold:   79         SH:  0    Dex: 10    Spells: 4/8 levels left

rFire    . . .     SeeInvis .   h - +0 club
rCold    . . .     Gourm    .   (no shield)
rNeg     + . .     Faith    .   c - +0 robe
rPois    ∞         Spirit   .   (no helmet)
rElec    +         Reflect  .   k - +0 cloak
rCorr    .         Harm     .   (no gloves)
MR       +....                  (no boots)
Stlth    ++........             (no amulet)
HPRegen  0.08/turn              m - +3 ring of strength
MPRegen  0.10/turn              r - ring of protection from magic

@: no status effects
A: negative energy resistance 1, electricity resistance, unbreathing,
petrification resistance, rot immunity, AC +3
a: no special abilities


You were on level 3 of the Dungeon.
You were very hungry.

You visited 1 branch of the dungeon, and saw 3 of its levels.

You collected 79 gold pieces.

Inventory:

Hand Weapons
 h - a +0 club (weapon)
 s - a +2 dagger of venom
Missiles
 b - 44 stones (quivered)
Armour
 c - a +0 robe (worn)
 k - a +0 cloak (worn)
 n - +0 ice dragon scales
Jewellery
 a - an uncursed amulet of guardian spirit
 l - an uncursed ring of stealth
 m - a +3 ring of strength (left hand)
 r - a ring of protection from magic (right hand)
Scrolls
 e - a scroll of fear {unknown}
 f - 2 scrolls of remove curse
 t - a scroll of teleportation {unknown}
 u - a scroll of amnesia {unknown}
Potions
 g - a potion of curing {unknown}
 i - a potion of agility
 j - a potion of flight
 o - 2 potions of heal wounds
 p - a potion of brilliance {unknown}
Comestibles
 d - 3 rations


   Skills:
 - Level 0.4 Fighting
 - Level 0.2 Maces & Flails
 - Level 1.5 Dodging
 - Level 2.1 Stealth
 - Level 2.5 Spellcasting
 * Level 1.1 Conjurations
   Level 0.7 Transmutations
 + Level 5.3 Earth Magic


You had 4 spell levels left.
You knew the following spells:

 Your Spells              Type           Power        Failure   Level  Hunger
a - Sandblast             Erth           ###...       2%          1    #......
b - Stone Arrow           Conj/Erth      ##....       16%         3    ###....

Your spell library contained the following spells:

 Spells                   Type           Power        Failure   Level  Hunger
 Passwall                 Tmut/Erth      ##......     9%          2    ##.....
 Petrify                  Tmut/Erth      ##......     50%         4    #####..
 Lee's Rapid Deconstruct  Erth           ###.......   52%         5    ######.


Dungeon Overview and Level Annotations

Branches:
Dungeon (3/15)

Altars:


Innate Abilities, Weirdness & Mutations

You are resistant to torment.
Your stone body is resilient. (AC +3)
You are immune to poison.
You resist negative energy. (rN+)
You are resistant to electric shocks. (rElec)
You can survive without breathing.
You are immune to petrification.
You are immune to rotting.


Message History

Press: ? - help, Shift-Dir - straight line, f/p - gnoll
Aim: a gnoll, wielding a +0 flail (lightly wounded)
The blast of sand hits the gnoll.
The gnoll is heavily wounded.
b - 45 stones The gnoll hits you with a +0 flail. x2
Casting: Sandblast (safe; 2% risk of failure)
Confirm with . or Enter, or press ? or * to list all spells.
Aiming: Sandblast (safe; 2% risk of failure)
Press: ? - help, Shift-Dir - straight line, f/p - gnoll
Aim: a gnoll, wielding a +0 flail (heavily wounded)
The blast of sand hits the gnoll.
The gnoll is almost dead.
b - 44 stones The gnoll hits you with a +0 flail. x2
* * * LOW HITPOINT WARNING * * *
There is a stone staircase leading down here.
You can't go up here!
The gnoll hits you with a +0 flail!
You die...

###.....#.#.# ..#
#.......'...#
#.#.##.#.....#.###
#.......#.....#.#
.#..#.##.#.....#.#
.................#
#.......#.#########.
...##.#.##....)........
..........gg@.........
........l............
#.#.#.#.##.########.. #
#.#.#.#.##.######## .
#.#..l#..............
#...K.#.#.##.########
#.#..)###K##.#
#.....l......#
#.###.###.####


You could see 2 gnolls and a leopard gecko.

Vanquished Creatures
  Robin (D:1)
  A gnoll (D:3)
  2 worms (D:2)
  A dart slug (D:1)
  A leopard gecko (D:1)
  An orc (D:3)
  2 giant cockroaches (D:2)
  14 goblins
  10 hobgoblins
  4 kobolds
  A ball python (D:2)
  4 bats
  2 frilled lizards
  2 rats (D:1)
46 creatures vanquished.

Notes
Turn   | Place    | Note
-------+----------+-------------------------------------------
     0 | D:1      | cab the Gargoyle Earth Elementalist began the quest for the
                  | Orb.
     0 | D:1      | Reached XP level 1. HP: 10/10 MP: 3/3
   316 | D:1      | Reached skill level 4 in Earth Magic
   316 | D:1      | Reached XP level 2. HP: 15/15 MP: 5/5
  1498 | D:2      | Reached XP level 3. HP: 12/19 MP: 2/6
  1758 | D:2      | Learned a level 3 spell: Stone Arrow
  2009 | D:2      | Noticed Robin
  2370 | D:1      | Killed Robin
  2370 | D:1      | Reached skill level 1 in Conjurations
  2370 | D:1      | Reached skill level 5 in Earth Magic
  2370 | D:1      | Reached XP level 4. HP: 8/24 MP: 0/7
  3091 | D:3      | Slain by a gnoll

Skill      XL: |  1  2  3 |
---------------+----------+-----
Earth Magic    | 4 5 |  5.3
Conjurations   | 1 |  1.1
Fighting       | |  0.4
Maces & Flails | |  0.2
Dodging        | |  1.5
Stealth        | |  2.1
Spellcasting   | |  2.5
Transmutations | |  0.7

Action                   |  1- 3 |  4- 6 || total
-------------------------+-------+-------++-------
Melee: Unarmed           |    12 |       ||    12
       Dagger            |     6 |       ||     6
       Club              |    69 |    12 ||    81
 Cast: Sandblast         |    44 |     8 ||    52
       Stone Arrow       |       |     4 ||     4
  Use: Scroll            |       |     5 ||     5
  Eat: Chunk             |     1 |     2 ||     3
       Ration            |     1 |       ||     1
Armor: Robe              |    65 |     4 ||    69
Dodge: Dodged            |   111 |    11 ||   122
